 Dungeon Crawl Stone Soup version 0.32-a0-918-g0f22ef8d61 (webtiles) character file.

Game seed: 15596865208736834105

2733 Autsider the Thaumaturge (level 9, -8/96 HPs)
             Began as an Oni Hedge Wizard on Apr 10, 2024.
             Was a Follower of Vehumet.
             Mangled by a killer bee (9 damage)
             ... on level 8 of the Dungeon.
             The game lasted 00:35:21 (12431 turns).

Autsider the Thaumaturge (Oni Hedge Wizard)        Turns: 12431, Time: 00:35:22

Health: -8/96      AC:  1    Str: 16    XL:     9   Next: 67%
Magic:  17/22      EV:  8    Int: 19    God:    Vehumet [*.....]
Gold:   284        SH:  0    Dex:  8    Spells: 18/26 levels left

rFire   + . .        l - +0 giant club
rCold   + . .        (shield currently unavailable)
rNeg    . . .        (body armour restricted)
rPois   +            c - +0 hat
rElec   +            (no cloak)
rCorr   +            (gloves unavailable)
SInv    .            (boots unavailable)
Will    .....        (no amulet)
Stlth   +            k - ring of wizardry
HPRegen 0.36/turn    (no ring)
MPRegen 0.18/turn

%: wizardry (x1)
@: lethally poisoned (-8 -> -9), resistant, hasted, very quick
A: large, unfitting armour, horns 1, tough skin 1, double potion healing,
drunken brawling
a: Renounce Religion


You were on level 8 of the Dungeon.
You worshipped Vehumet.
Vehumet was aware of your devotion.
You visited 2 branches of the dungeon, and saw 9 of its levels.

You collected 284 gold pieces.

Inventory:

Hand Weapons
 j - the +11 dagger "Ite Elei" {drain, +Blink Dex+3}
   (You found it on level 2 of the Dungeon)

   Dex+3:     It affects your dexterity (+3).
   +Blink:    It lets you blink.
 l - a +0 giant club (weapon)
 x - a +5 short sword of draining
Missiles
 b - 2 throwing nets
 g - 6 curare-tipped darts
Armour
 c - a +0 hat (worn)
 F - +0 steam dragon scales
Jewellery
 k - a ring of wizardry (left hand)
 H - a ring of flight
Wands
 B - a wand of roots (1)
 G - a wand of mindburst (14)
 I - a wand of light (5)
Scrolls
 a - 3 scrolls of fog
 h - 3 scrolls of identify {@r1}
 i - 3 scrolls of teleportation {@r2}
 n - a scroll of noise
 q - a scroll of enchant weapon {unknown}
 r - 3 scrolls of summoning
 s - a scroll of silence {unknown}
 u - 2 scrolls of revelation
 w - a scroll of fear {unknown}
 y - a scroll of torment {unknown}
 z - 2 scrolls of blinking {unknown}
 C - a scroll of vulnerability {unknown}
 E - a scroll of amnesia {unknown}
Potions
 d - a potion of magic
 f - a potion of lignification {unknown}
 m - a potion of haste
 o - 2 potions of heal wounds {unknown}
 p - a potion of curing {unknown}
 t - a potion of cancellation {unknown}
 v - 2 potions of mutation
 A - a potion of attraction {unknown}
 D - a potion of brilliance {unknown}


   Skills:
 - Level 8.0 Fighting
 - Level 1.7 Dodging
 - Level 1.4 Stealth
 + Level 9.0 Spellcasting
 - Level 4.0 Conjurations
 - Level 0.8 Summonings
 - Level 0.8 Translocations
 + Level 6.5 Air Magic


You had 18 spell levels left.
You knew the following spells:

 Your Spells              Type           Power      Damage    Failure   Level
a - Magic Dart            Conj           92%        1d7       1%          1
w - Mephitic Cloud        Conj/Alch/Air  22%        N/A       2%          3
z - Blink                 Tloc           22%        N/A       3%          2
A - Call Imp              Summ           22%        N/A       3%          2

Your spell library contained the following spells:

 Spells                   Type           Power      Damage    Failure   Level
 Static Discharge         Conj/Air       56%        3-6/arc   1%          2
 Sting                    Conj/Alch      64%        1d7       1%          1
 Cigotuvi's Dreadful Rot  Necr/Alch/Air  32%        N/A       1%          2
 Apportation              Tloc           22%        N/A       2%          1
 Summon Small Mammal      Summ           44%        N/A       2%          1
 Necrotise                Necr           32%        1d5       3%          1
 Slow                     Hex            32%        N/A       3%          1
 Maxwell's Portable Pile  Tloc           11%        2d(6-16)  7%          3
 Tukima's Dance           Hex            8%         N/A       10%         3
 Arcjolt                  Conj/Air       14%        1d24      11%         5
 Iskenderun's Mystic Bla Conj/Tloc 17%            2d5        (+2d2     12%         4
 Dimensional Bullseye     Hex/Tloc       5%         N/A       26%         4
 Maxwell's Capacitive Co  Air            16%        ∞         100%        8


Dungeon Overview and Level Annotations

Branches:
Dungeon (8/15)             Temple (1/1) D:5
   Lair: D:8-11

Altars:
Ashenzari
Cheibriados
Dithmenos
Elyvilon
Fedhas
Gozag
Hepliaklqana
Kikubaaqudgha
Makhleb
Okawaru
Qazlal
Ru
Sif Muna
Trog
Uskayaw
Vehumet
Wu Jian
Xom
Yredelemnul
Zin
The Shining One

Annotations:
D:5 exclusion: downstairs
D:6 1 runed translucent door, BlackSun's ghost, novice FoFi
D:7 exclusion: downstairs
Temple 2 transporters


Innate Abilities, Weirdness & Mutations

You are too large for most types of armour.
You have a pair of small horns on your head.
You have tough skin. (AC +1)
You gain doubled healing and magic from potions.
Whenever you drink a healing potion, you attack all around you.


Message History

Confirm with . or Enter, or press ? or * to list all spells.
Aiming: Magic Dart (safe; 1% risk of failure)
Press: ? - help, Shift-Dir - straight line, f - killer bee
Aim: a killer bee (100% to hit)
Okay, then.
Casting: Magic Dart (safe; 1% risk of failure)
Confirm with . or Enter, or press ? or * to list all spells.
A tiny devil pulls itself out of the air.
Your cerulean imp says, "Let's raise mayhem!"
You feel very sick. The killer bee stings you.
* * * LOW HITPOINT WARNING * * *
The killer bee stings you!
* * * LOW HITPOINT WARNING * * *
You feel sick.
The killer bee attacks as it pursues you!
The killer bee stings you!
* * * LOW HITPOINT WARNING * * *
Your cerulean imp misses the killer bee.
You feel sick.
The killer bee stings your cerulean imp!
The killer bee stings your cerulean imp. x2
Your cerulean imp dies!
Your cerulean imp disappears in a puff of smoke!
You feel protected.
You feel sick. The killer bee stings you!
* * * LOW HITPOINT WARNING * * *
Aiming: Bolt of Light
Press: ? - help, Shift-Dir - straight line, f - killer bee
Aim: a killer bee (43% to hit)
The bolt of light hits the killer bee!
The killer bee is heavily wounded.
The killer bee is blinded.
The bolt of light misses the killer bee.
You feel sick. The killer bee barely misses you. The killer bee stings you.
* * * LOW HITPOINT WARNING * * *
It was a potion of haste.
You feel yourself speed up.
* * * LOW HITPOINT WARNING * * *
You feel sick. The killer bee stings you!
You die...

................#
................# #......#
................# #......#
#.)..o......# #......########
#.!......o..###.........).#..
#####.....o...# .............
##...#.##.# #............
#...#o##.###............
#...#yy@................
#....###.###............
#....###.# #............
#........# #..........##
#######...###..###..........##
#...........#....#..........##
#...........#....#..........##
#...........#....#..........##
#...........#....##########.#.


You could see 2 killer bees and an orc.

Vanquished Creatures
  A shadow (D:8)
  2 steam dragons
  Duvessa (D:5)
  A sky beast (D:6)
  An orc warrior (D:8)
  A black bear (D:5)
  2 centaurs
  3 bullfrogs
  3 scorpions
  A burial acolyte (D:6)
  Dowan (D:5)
  3 killer bees (D:8)
  A howler monkey (D:8)
  A bombardier beetle (D:5)
  3 jellies
  A hound (D:6)
  4 orc priests
  An iguana (D:6)
  An orc wizard (D:7)
  A sleepcap (D:7)
  9 gnolls
  2 adders
  A shadow imp (D:7)
  2 ufetubi (D:7)
  An adder zombie (D:6)
  A dart slug (D:1)
  A ribbon worm (D:5)
  19 orcs
  7 ball pythons
  11 endoplasms
  5 giant cockroaches
  5 hobgoblins
  5 jackals
  6 quokkas
  6 bats
  3 frilled lizards
  13 goblins
  8 kobolds
  A rat (D:1)
139 creatures vanquished.

Vanquished Creatures (collateral kills)
  A water moccasin (D:5)
  An ogre (D:6)
  A gnoll sergeant (D:5)
  A scorpion (D:5)
  2 killer bees (D:8)
  A centaur zombie (D:6)
  Ijyb (D:5)
  A sleepcap (D:5)
  An orc wizard (D:3)
  3 adders
  2 ribbon worms (D:2)
  4 orcs
  A ball python (D:1)
20 creatures vanquished.

Vanquished Creatures (others)
  A human (D:6)
1 creature vanquished.

Grand Total: 160 creatures vanquished

Notes
Turn   | Place    | Note
-------+----------+-------------------------------------------
     0 | D:1      | Autsider the Oni Hedge Wizard began the quest for the Orb.
     0 | D:1      | Reached XP level 1. HP: 16/16 MP: 5/5
   141 | D:1      | Reached skill level 1 in Fighting
   289 | D:1      | Reached XP level 2. HP: 27/27 MP: 3/6
   333 | D:1      | Reached skill level 4 in Spellcasting
   494 | D:1      | Learned a level 2 spell: Call Imp
   800 | D:1      | Reached XP level 3. HP: 35/35 MP: 5/8
   967 | D:1      | Learned a level 2 spell: Blink
   971 | D:1      | Learned a level 3 spell: Mephitic Cloud
  1921 | D:2      | Identified the +11 dagger "Ite Elei" {drain, +Blink Dex+3}
  2069 | D:2      | Reached XP level 4. HP: 35/44 MP: 2/10
  2227 | D:2      | Reached skill level 1 in Air Magic
  2651 | D:2      | Found a faded altar of an unknown god.
  3747 | D:3      | Reached XP level 5. HP: 21/53 MP: 3/12
  4183 | D:3      | Reached skill level 5 in Spellcasting
  4718 | D:3      | Reached XP level 6. HP: 28/63 MP: 2/14
  5725 | D:5      | Entered Level 5 of the Dungeon
  6036 | D:5      | Noticed Duvessa
  6036 | D:5      | Noticed Dowan
  6075 | D:5      | Killed Duvessa
  6076 | D:5      | Reached skill level 5 in Fighting
  6076 | D:5      | Reached XP level 7. HP: 26/70 MP: 4/15
  6226 | D:4      | Reached skill level 6 in Spellcasting
  6300 | D:5      | Killed Dowan
  6434 | D:5      | Found a staircase to the Ecumenical Temple.
  6460 | Temple   | Found a transporter.
  6460 | Temple   | Found a transporter.
  6460 | Temple   | Found a transporter.
  6460 | Temple   | Found a transporter.
  6460 | Temple   | Entered the Ecumenical Temple
  6463 | Temple   | HP: 3/74 [poisoned by a water moccasin]
  6704 | Temple   | Became a worshipper of Vehumet
  8118 | D:5      | Reached skill level 1 in Conjurations
  8169 | D:5      | Reached XP level 8. HP: 64/84 MP: 8/18
  8396 | D:5      | Noticed Ijyb
  8735 | D:5      | Killed Ijyb
  8892 | D:6      | Reached skill level 7 in Spellcasting
  8939 | D:6      | Found an ancient bone altar of Kikubaaqudgha.
  9136 | D:6      | Found a runed translucent door.
  9137 | D:6      | Noticed BlackSun's ghost (novice FoFi)
  9569 | D:6      | Found a blossoming altar of Fedhas.
  9705 | D:6      | Reached * piety under Vehumet
  9705 | D:6      | Offered knowledge of Shock by Vehumet.
  9990 | D:6      | Found an ancient bone altar of Kikubaaqudgha.
 10071 | D:7      | Found a shadowy altar of Dithmenos.
 10080 | D:7      | Found an opulent altar of Gozag.
 10184 | D:7      | Reached skill level 5 in Air Magic
 11001 | D:7      | Reached XP level 9. HP: 96/96 MP: 17/20
 11237 | D:7      | Reached skill level 8 in Spellcasting
 12249 | D:8      | Offered knowledge of Static Discharge by Vehumet.
 12253 | D:8      | Reached skill level 9 in Spellcasting
 12430 | D:8      | HP: 4/96 [poisoned by a killer bee]
 12431 | D:8      | HP: 1/96 [poisoned by a killer bee]
 12431 | D:8      | Mangled by a killer bee

Illustrated notes

Levels and vault maps discovered:
D:1:      nzn_arrival_crosshair, layout_basic, interstate_on_off
D:2:      minmay_angry_zag, layout_rooms, nicolae_ecumenical_oubliette
D:3:      layout_basic
D:4:      layout_basic
D:5:      layout_loops_corners, minmay_temple_entry_ruins, minmay_pentangle,
          uniq_duvessa, uniq_ijyb
D:6:      layout_loops_ring, fedhas_altar_3, tgw_kikubaaqudgha,
          ebering_ghost_sewer_f, roadster_capsule_ark_zombie
D:7:      layout_loops_ring, mainiacjoe_overflow_large_starburst
D:8:      layout_basic
Temple:   hellmonk_temple_divided_pantheon

Skill      XL: |  1  2  3  4  5  6  7  8  9 |
---------------+----------------------------+-----
Fighting       | 1 2 3 4 5 6 8 |  8.0
Spellcasting   | 4 5 6 7 9 |  9.0
Air Magic      | 1 2 3 4 5 6 |  6.5
Conjurations   | 1 3 4 |  4.0
Dodging        | |  1.7
Stealth        | |  1.4
Summonings     | |  0.8
Translocations | |  0.8

Action                     |  1- 3 |  4- 6 |  7- 9 || total
---------------------------+-------+-------+-------++-------
  Melee: Unarmed           |    13 |       |       ||    13
         Headbutt          |     5 |    18 |    26 ||    49
         Club              |    10 |    65 |    29 ||   104
         Giant club        |       |       |    94 ||    94
   Cast: Magic Dart        |   101 |   136 |   159 ||   396
         Call Imp          |     5 |    11 |    43 ||    59
         Mephitic Cloud    |       |     7 |    63 ||    70
  Evoke: Wand              |       |       |     1 ||     1
    Use: Scroll            |       |     4 |     4 ||     8
         Potion            |       |       |     2 ||     2
   Stab: Confused          |       |     3 |    14 ||    17
         Distracted        |       |     1 |       ||     1
 Armour: Skin              |    49 |    67 |   210 ||   326
  Dodge: Dodged            |    28 |    35 |   154 ||   217

Table legend: (Time is in decaauts)
 A = Elapsed time spent in this place.
 B = Non-inter-level travel time spent in this place.
 C = Inter-level travel time spent in this place.
 D = Time resting spent in this place.
 E = Time spent auto-exploring this place.
 F = Levels seen in this place.
 G = Mean time per level.
                   A        B        C        D        E       F      G
               +--------+--------+--------+--------+--------+-----+--------+
         Total |  12530 |  12223 |    307 |   2773 |   7073 |   9 | 1392.2 |
       Dungeon |  12270 |  11990 |    280 |   2549 |   7073 |   8 | 1533.8 |
        Temple |    259 |    232 |     27 |    224 |      0 |   1 |  259.0 |
               +--------+--------+--------+--------+--------+-----+--------+

Top non-repeatable levels by time:
     D:5: 2900 daAuts
     D:1: 1820 daAuts
     D:3: 1657 daAuts
     D:7: 1367 daAuts
     D:2: 1302 daAuts
     D:4: 1210 daAuts
     D:6: 1165 daAuts
     D:8: 845 daAuts
  Temple: 259 daAuts
